 Dungeon Crawl Stone Soup version 0.27-a0-1301-g128193abf8 (console) character file.

Game seed: 6483439741950273478

8582 jejorda2 the Carver (level 11, -2/121 HPs)
             Began as a Merfolk Berserker on June 17, 2021.
             Was an Elder of Trog.
             Slain by a meliai (9 damage)
             ... on level 11 of the Dungeon.
             The game lasted 00:26:12 (14750 turns).

jejorda2 the Carver (Merfolk Berserker)            Turns: 14750, Time: 00:26:13

Health: -2/121     AC: 18    Str: 19    XL:     11   Next: 33%
Magic:  11/11      EV:  7    Int:  7    God:    Trog [****..]
Gold:   120        SH: 13    Dex: 20    Spells: 10/10 levels left

rFire    . . .     SeeInvis .   a - +0 scimitar (freeze)
rCold    + + .     Faith    .   p - +2 kite shield {rC+}
rNeg     + . .     Spirit   .   g - +2 chain mail {Will+}
rPois    .         Reflect  .   C - +1 helmet
rElec    .         Harm     .   (no cloak)
rCorr    +         Rampage  .   F - +2 pair of gloves "Weaqiufu" {Str+4}
Will     +....                  b - +0 pair of boots
Stlth    ..........             (no amulet)
HPRegen  0.30/turn              E - ring of Fragile Peace {rC+ rN+ rCorr Str-5 Dex+6}
MPRegen  0.12/turn              (no ring)

@: berserking, very quick
A: (nimble swimmer 2), mertail
a: Renounce Religion, Berserk, Trog's Hand, Brothers in Arms


You were on level 11 of the Dungeon.
You worshipped Trog.
Trog was greatly pleased with you.
You visited 1 branch of the dungeon, and saw 11 of its levels.

You collected 694 gold pieces.
You spent 574 gold pieces at shops.

Inventory:

Hand Weapons
 a - a +0 scimitar of freezing (weapon)
 q - a +1 flail of protection
Missiles
 d - 27 poisoned darts (quivered)
 w - 10 boomerangs
 D - 5 javelins
Armour
 b - a +0 pair of boots (worn)
 g - a +2 chain mail of willpower (worn)
 i - +0 swamp dragon scales
 p - a +2 kite shield of cold resistance (worn)
 C - a +1 helmet (worn)
 F - the +2 pair of gloves "Weaqiufu" (worn) {Str+4}
   (You bought it in a shop on level 7 of the Dungeon)

   It affects your strength (+4).
Jewellery
 B - a ring of ice
 E - the ring of Fragile Peace (left hand) {rC+ rN+ rCorr Str-5 Dex+6}
   (You found it on level 10 of the Dungeon)

   [ring of dexterity]

   It affects your strength (-5).
   It affects your dexterity (+6).
   It protects you from cold.
   It protects you from negative energy.
   It protects you from acid and corrosion.
Wands
 e - a wand of polymorph (13)
 h - a wand of flame (37)
 k - a wand of iceblast (12)
 l - a wand of digging (11)
 u - a wand of paralysis (5)
 v - a wand of charming (7)
 x - a wand of acid (6)
Scrolls
 m - a scroll of magic mapping
 s - 2 scrolls of fog
 y - 2 scrolls of teleportation
Potions
 c - 3 potions of mutation
 f - 2 potions of curing
 j - a potion of heal wounds {unknown}
 o - 2 potions of cancellation
 r - 2 potions of lignification
 t - 5 potions of haste
 z - 2 potions of flight {unknown}
 A - a potion of magic {unknown}


   Skills:
 - Level 6.0 Fighting
 + Level 13.7 Long Blades
 - Level 6.0 Armour
 - Level 2.6 Dodging
 * Level 7.7 Shields


You had 10 spell levels left.
You didn't know any spells.
Your spell library was empty.

Dungeon Overview and Level Annotations

Branches:
Dungeon (11/15)            Temple (0/1) D:5
   Lair: D:8-11         Orc: D:9-12

Altars:
Fedhas
Gozag
Ru
Sif Muna

Shops:
D:3 ?   D:7 *[(

Annotations:
D:6 3 runed translucent doors, AcesWolf's ghost, amateur GnWn


Innate Abilities, Weirdness & Mutations

((You are quick and stealthy near water. (Stealth+, EV+, Speed+++)))
Your lower body shifts to a powerful aquatic tail in water.


Message History

The meliai invokes the aid of its god against you.
Something smites you!
The meliai invokes the aid of its god against you.
Something smites you!
The meliai calls down the wrath of its god upon you.
Something smites you!
A meliai comes into view. It is wielding a +0 hand axe.
The meliai hits you with a +0 war axe. You block the meliai's attack. x2
The meliai barely misses you.
You closely miss the meliai. The meliai hits you with a +0 war axe!
The meliai stings you but does no damage.
You block the meliai's attack. The meliai stings you.
You are too injured to fight recklessly!
You are too injured to fight recklessly!
You are too injured to fight recklessly!
You are too injured to fight recklessly!
You are too injured to fight recklessly!
A red film seems to cover your vision as you go berserk!
You feel yourself moving faster!
You feel mighty! You block the meliai's attack.
The meliai stings you but does no damage.
The meliai calls down the wrath of its god upon you.
Something smites you! The meliai hits you with a +0 war axe!
* * * LOW HITPOINT WARNING * * *
The meliai stings you but does no damage.
The meliai invokes the aid of its god against you.
Something smites you!
* * * LOW HITPOINT WARNING * * *
The meliai hits you but does no damage.
The meliai stings you but does no damage.
You hit the meliai. You freeze the meliai.
The meliai is moderately wounded.
The meliai hits you with a +0 hand axe.
* * * LOW HITPOINT WARNING * * *
The meliai stings you.
* * * LOW HITPOINT WARNING * * *
You block the meliai's attack. The meliai barely misses you.
The meliai hits you but does no damage. You block the meliai's attack.
The meliai barely misses you. The meliai stings you!
You die...

###########
...........
.........
#......#
#......#
#...yyy#
#....@.#
#......#
#..#......#
#......<..#
#..!.<....#
#.........#
#..##..#..#
#.. #..#..#
# #..#..#


You could see 3 meliai.

Vanquished Creatures
  A two-headed ogre (D:6)
  Urug (D:10)
  Pikel (D:7)
  An unseen horror (D:8)
  Maggie (D:7)
  A vampire (D:10)
  2 wyverns
  12 yaks
  A wraith (D:6)
  2 steam dragons
  3 vampire mosquitoes (D:10)
  Menkaure (D:4)
  An acid dragon (D:10)
  Duvessa (D:4)
  2 water moccasins
  3 orc warriors
  A black bear (D:6)
  A necrophage (D:6)
  2 ogres
  3 centaurs
  A lemure (D:7)
  A phantom (D:7)
  2 bullfrogs
  Dowan (D:4)
  A scorpion (D:5)
  10 killer bees (D:9)
  7 wights
  An electric eel (D:6)
  A howler monkey (D:6)
  A jelly (D:5)
  3 bullfrog skeletons
  3 orc priests
  A hound (D:6)
  9 orc wizards
  A hound skeleton (D:4)
  2 howler monkey zombies
  3 gnolls
  8 adders
  2 ufetubi
  An adder skeleton (D:4)
  A worm (D:5)
  2 dart slugs
  30 orcs
  3 ball pythons (D:1)
  8 bats
  7 endoplasms
  A giant cockroach (D:1)
  6 goblins
  4 hobgoblins
  23 jackals
  9 kobolds
  3 quokkas
  5 rats
202 creatures vanquished.

Vanquished Creatures (collateral kills)
  A troll (D:9)
  An orc warrior (D:9)
  An orc priest (D:9)
  An orc (D:9)
4 creatures vanquished.

Vanquished Creatures (others)
  8 bushes (D:9)
  3 plants (D:6)
11 creatures vanquished.

Grand Total: 217 creatures vanquished

Notes
Turn   | Place    | Note
-------+----------+-------------------------------------------
     0 | D:1      | jejorda2 the Merfolk Berserker began the quest for the Orb.
     0 | D:1      | Reached XP level 1. HP: 18/18 MP: 1/1
   212 | D:1      | Reached XP level 2. HP: 18/24 MP: 2/2
   799 | D:1      | Reached skill level 4 in Long Blades
   799 | D:1      | Reached XP level 3. HP: 28/29 MP: 3/3
   810 | D:1      | Found a faded altar of an unknown god.
  1314 | D:2      | Reached XP level 4. HP: 30/37 MP: 4/4
  1319 | D:2      | Reached ** piety under Trog
  2826 | D:3      | Reached XP level 5. HP: 30/42 MP: 5/5
  2978 | D:3      | Found Detasag's Magic Scroll Shoppe.
  3043 | D:3      | Bought a scroll of identify for 22 gold pieces
  3043 | D:3      | Bought a scroll of magic mapping for 38 gold pieces
  3048 | D:3      | Found a blossoming altar of Fedhas.
  3118 | D:3      | Reached skill level 5 in Long Blades
  3952 | D:4      | Reached XP level 6. HP: 49/49 MP: 6/6
  4179 | D:4      | Noticed Menkaure
  4195 | D:4      | Killed Menkaure
  4196 | D:4      | Reached skill level 6 in Long Blades
  4373 | D:4      | Identified a scroll of acquirement
  4373 | D:4      | Acquired a +2 kite shield of cold resistance
  4394 | D:4      | Reached *** piety under Trog
  4448 | D:4      | Noticed Duvessa
  4450 | D:4      | Noticed Dowan
  4455 | D:4      | Killed Duvessa
  4456 | D:4      | Reached skill level 5 in Fighting
  4456 | D:4      | Reached XP level 7. HP: 56/56 MP: 7/7
  4461 | D:4      | Killed Dowan
  4953 | D:5      | Entered Level 5 of the Dungeon
  5332 | D:5      | Found a staircase to the Ecumenical Temple.
  5353 | D:5      | Reached skill level 7 in Long Blades
  5708 | D:5      | Reached XP level 8. HP: 42/64 MP: 8/8
  6386 | D:6      | Noticed a two-headed ogre
  6399 | D:6      | Killed a two-headed ogre
  6400 | D:6      | Reached skill level 9 in Long Blades
  6473 | D:6      | Noticed a wraith
  6481 | D:6      | Killed a wraith
  6482 | D:6      | Reached skill level 1 in Shields
  6482 | D:6      | Reached XP level 9. HP: 69/69 MP: 9/9
  6799 | D:6      | Reached skill level 10 in Long Blades
  7101 | D:6      | Reached skill level 5 in Armour
  7387 | D:6      | Found a runed translucent gate.
  7387 | D:6      | Found a runed translucent gate.
  7387 | D:6      | Found a runed translucent gate.
  7390 | D:6      | Noticed AcesWolf's ghost (amateur GnWn)
  8120 | D:7      | Found Vobb's General Store.
  8179 | D:7      | Bought a +2 chain mail of willpower for 258 gold pieces
  8297 | D:7      | Noticed Pikel
  8321 | D:7      | Killed Pikel
  8322 | D:7      | Reached skill level 11 in Long Blades
  8780 | D:7      | Found Xarhyji's Weapon Shop.
  8782 | D:7      | Noticed Maggie
  8790 | D:7      | Killed Maggie
  8790 | D:7      | Reached **** piety under Trog
  8791 | D:7      | Reached XP level 10. HP: 76/76 MP: 10/10
  9070 | D:7      | Found Hieqyn's Antique Armour Shop.
 10136 | D:8      | Killed an unseen horror
 10673 | D:7      | Reached skill level 12 in Long Blades
 10680 | D:7      | Reached skill level 5 in Shields
 12284 | D:9      | Reached skill level 13 in Long Blades
 12397 | D:9      | Reached XP level 11. HP: 57/81 MP: 11/11
 12731 | D:10     | Entered Level 10 of the Dungeon
 13226 | D:10     | Found a sacrificial altar of Ru.
 13236 | D:10     | Noticed Urug
 13246 | D:10     | Killed Urug
 13467 | D:10     | Identified the ring of Fragile Peace {rC+ rN+ rCorr Str-5
                  | Dex+6}
 13794 | D:7      | Bought a pair of jewelled gloves for 256 gold pieces
 13794 | D:7      | Identified the +2 pair of gloves "Weaqiufu" {Str+4} (You
                  | bought it in a shop on level 7 of the Dungeon)
 14636 | D:10     | Found a shimmering blue altar of Sif Muna.
 14639 | D:10     | Found an opulent altar of Gozag.
 14750 | D:11     | Slain by a meliai

Illustrated notes

Levels and vault maps discovered:
D:1:      minmay_arrival_jagged, layout_basic, ebering_ecumenical_altar_hall
D:2:      layout_basic, st_stairs_3
D:3:      layout_loops_ring, overflow_temple_1_default, serial_shops,
          nicolae_diamond_shop
D:4:      layout_layer_cave, nrook_campfire, uniq_menkaure, uniq_duvessa
D:5:      layout_basic, minmay_temple_entry_ruins
D:6:      layout_rooms, gammafunk_ghost_split, serial_bayou_pond_b,
          minmay_chambers_of_fives
D:7:      layout_layer_cave, serial_shops, shop, kennysheep_little_box,
          nicolae_square_shop, uniq_maggie, uniq_pikel
D:8:      layout_rooms
D:9:      minmay_klotski, layout_basic
D:10:     layout_cave_pods, minitemple, special_room [special_room_orc],
          uniq_urug
D:11:     minmay_tri_box, layout_long_grid, dpeg_oklobed_lair,
          gammafunk_ghost_abyssal_escape

Skill      XL: |  1  2  3  4  5  6  7  8  9 10 11 |
---------------+----------------------------------+-----
Long Blades    | 4 5 6 7 9 11 13 | 13.7
Armour         | 2 3 4 5 6 |  6.0
Fighting       | 4 5 6 |  6.0
Shields        | 1 4 6 7 |  7.7
Dodging        | |  2.6

Action                   |  1- 3 |  4- 6 |  7- 9 | 10-12 || total
-------------------------+-------+-------+-------+-------++-------
Melee: Falchion          |    24 |       |       |       ||    24
       Long sword        |    74 |   189 |    65 |       ||   328
       Scimitar          |       |       |   162 |   395 ||   557
Throw: Dart              |       |       |    11 |     2 ||    13
Invok: Berserk           |       |     4 |     7 |     6 ||    17
       Trog's Hand       |       |       |       |     5 ||     5
       Brothers in Arms  |       |       |       |     1 ||     1
Evoke: Wand              |       |       |       |     2 ||     2
  Use: Scroll            |       |     8 |     3 |     6 ||    17
Armor: Animal skin       |     2 |       |       |       ||     2
       Scale mail        |     9 |       |       |       ||     9
       Chain mail        |    40 |   111 |   135 |   241 ||   527
Dodge: Dodged            |    69 |    88 |    86 |    76 ||   319
Block: Kite shield       |       |       |     4 |   262 ||   266
       Rpst.: Long sword |    18 |    17 |     6 |       ||    41
       Scimitar          |       |       |    19 |    22 ||    41

Table legend: (Time is in decaauts)
 A = Elapsed time spent in this place.
 B = Non-inter-level travel time spent in this place.
 C = Inter-level travel time spent in this place.
 D = Time resting spent in this place.
 E = Time spent auto-exploring this place.
 F = Levels seen in this place.
 G = Mean time per level.
                   A        B        C        D        E       F      G
               +--------+--------+--------+--------+--------+-----+--------+
         Total |  14908 |  14083 |    825 |    911 |  11258 |  11 | 1355.3 |
       Dungeon |  14908 |  14083 |    825 |    911 |  11258 |  11 | 1355.3 |
               +--------+--------+--------+--------+--------+-----+--------+

Top non-repeatable levels by time:
     D:7: 2669 daAuts
     D:2: 1877 daAuts
     D:6: 1742 daAuts
     D:9: 1716 daAuts
    D:10: 1714 daAuts
     D:5: 1396 daAuts
     D:4: 1056 daAuts
     D:1: 1051 daAuts
     D:3: 1041 daAuts
     D:8: 635 daAuts
    D:11: 5 daAuts
